 Dungeon Crawl Stone Soup version 0.29.1-1-gd02db6906a (webtiles) character file.

Game seed: 5936868797166273614

4348 Ordine the Grappler (level 10, -6/100 HPs)
             Began as a Troll Fighter on Sept 14, 2022.
             Was an Initiate of Wu Jian.
             Killed by the air
             ... invoked by Gastronok
              (19 damage)
             ... on level 8 of the Dungeon.
             The game lasted 00:12:53 (6561 turns).

Ordine the Grappler (Troll Fighter)                 Turns: 6561, Time: 00:12:53

Health: -6/100     AC:  5    Str: 26    XL:     10   Next: 12%
Magic:  9/9        EV: 13    Int:  8    God:    Wu Jian [......]
Gold:   435        SH:  9    Dex:  9    Spells: 9/9 levels left

rFire   . . .      SeeInvis .     - Unarmed
rCold   . . .      Faith    .   b - +0 kite shield
rNeg    . . .      Spirit   .   w - +1 robe {Will+}
rPois   .          Reflect  .   (helmet restricted)
rElec   .          Harm     .   (no cloak)
rCorr   .          Rampage  .   (gloves unavailable)
Will    ++...                   (boots unavailable)
Stlth   +.........              (no amulet)
HPRegen 1.06/turn               p - +4 ring of evasion
MPRegen 0.11/turn               F - ring of willpower

@: no status effects
A: large, unfitting armour, claws 3, regeneration 1, shaggy fur 1, tough skin 1
a: Renounce Religion


You were on level 8 of the Dungeon.
You worshipped Wu Jian.
Wu Jian was noncommittal.
You visited 2 branches of the dungeon, and saw 9 of its levels.
You also visited: Sewer.

You collected 435 gold pieces.

Inventory:

Armour
 b - a +0 kite shield (worn)
 w - a +1 robe of willpower (worn)
Jewellery
 p - a +4 ring of evasion (left claw)
 q - a ring of protection from fire
 F - a ring of willpower (right claw)
Wands
 c - a wand of flame (15)
 o - a wand of mindburst (10)
 x - a wand of paralysis (16)
 A - a wand of roots (6)
 E - a wand of polymorph (7)
Scrolls
 a - a scroll of summoning
 d - 4 scrolls of teleportation
 e - 4 scrolls of blinking
 j - a scroll of torment
 n - 3 scrolls of immolation
 s - 4 scrolls of fear
 u - a scroll of amnesia
 y - a scroll of brand weapon
 B - 2 scrolls of acquirement {unknown}
 D - 2 scrolls of poison {unknown}
 G - a scroll of magic mapping
 H - 2 scrolls of vulnerability {unknown}
Potions
 f - 8 potions of curing
 g - a potion of magic {unknown}
 h - 2 potions of resistance {unknown}
 i - 2 potions of invisibility {unknown}
 k - 4 potions of cancellation {unknown}
 l - a potion of berserk rage {unknown}
 m - 4 potions of degeneration {unknown}
 r - 2 potions of flight {unknown}
 t - a potion of attraction {unknown}
 v - 2 potions of heal wounds {unknown}
 z - a potion of brilliance {unknown}
 C - a potion of haste {unknown}
 I - a potion of lignification {unknown}


   Skills:
 + Level 6.4 Fighting
 + Level 4.0 Dodging
 + Level 7.1 Shields
 * Level 10.3 Unarmed Combat


You had 9 spell levels left.
You didn't know any spells.
Your spell library was empty.

Dungeon Overview and Level Annotations

Branches:
Dungeon (8/15)             Temple (1/1) D:7           Sewer (visited)
   Lair: D:8-11

Altars:
Ashenzari
Cheibriados
Dithmenos
Elyvilon
Fedhas
Gozag
Hepliaklqana
Kikubaaqudgha
Makhleb
Nemelex Xobeh
Okawaru
Ru
Sif Muna
Trog
Uskayaw
Vehumet
Wu Jian
Xom
Yredelemnul
The Shining One

Shops:
D:6 =

Annotations:
D:8 Gastronok


Innate Abilities, Weirdness & Mutations

You are too large for most types of armour.
You have claws for hands.
Your natural rate of healing is unusually fast.
You are covered in fur. (AC +1)
You have tough skin. (AC +1)


Message History

You scratch Gastronok.
Gastronok is moderately wounded.
Gastronok bites you!!
You are too injured to fight recklessly!
You are too injured to fight recklessly!
You are too injured to fight recklessly!
You are too injured to fight recklessly!
Okay, then.
You claw Gastronok!
Gastronok is heavily wounded.
You mangle Gastronok!!
Gastronok is heavily wounded.
Gastronok bites you!!
* * * LOW HITPOINT WARNING * * *
You mangle Gastronok!!
Gastronok is severely wounded.
You claw Gastronok!
Gastronok is severely wounded.
Gastronok bites you!
* * * LOW HITPOINT WARNING * * *
You feel better.
You mangle Gastronok!!
Gastronok is almost dead.
You scratch Gastronok.
Gastronok is almost dead.
Gastronok bites you.
* * * LOW HITPOINT WARNING * * *
You scratch Gastronok but do no damage.
Gastronok is almost dead.
You scratch Gastronok.
Gastronok is almost dead.
Gastronok bites you!
* * * LOW HITPOINT WARNING * * *
You scratch Gastronok but do no damage.
Gastronok is almost dead.
You scratch Gastronok.
Gastronok is almost dead.
Gastronok waves his eye-stalks in wide circles.
The air twists around and strikes you!!
You die...

#.###################.#........##
#.#...................#..#######
#.#.###################..# ....#
#....# #.###################.##.#
#.....................##.#
########################.#
##........# #@.######## #.w.##
#.### #. . .. .. #..


You could see Gastronok.

Vanquished Creatures
  The ghost of brittlin the Destroyer, a novice TeAE (D:7)
  An unseen horror skeleton (D:7)
  A wraith (D:6)
  A steam dragon (D:6)
  3 ice beasts
  An orc warrior (D:7)
  2 sky beasts
  A black bear (D:6)
  4 ogres
  A centaur (D:5)
  3 phantoms
  A kobold brigand (D:7)
  Blork the orc (D:6)
  6 bullfrogs
  2 scorpions (D:5)
  3 wights (D:8)
  A wyvern skeleton (D:7)
  4 hounds
  6 orc priests
  A jelly (D:4)
  Jessica (D:3)
  A gnoll bouda (D:6)
  4 iguanas
  10 orc wizards
  Robin (D:4)
  19 adders
  11 gnolls
  7 river rats (Sewer)
  A shadow imp (D:6)
  2 white imps
  An ufetubus (D:5)
  3 worms (D:2)
  3 dart slugs
  35 orcs
  4 bats
  8 endoplasms
  3 giant cockroaches
  10 hobgoblins
  5 jackals (D:3)
  6 quokkas
  22 ball pythons
  5 frilled lizards
  19 goblins
  8 kobolds
  19 rats
252 creatures vanquished.

Vanquished Creatures (others)
  7 fungi (D:2)
7 creatures vanquished.

Grand Total: 259 creatures vanquished

Notes
Turn   | Place    | Note
-------+----------+-------------------------------------------
     0 | D:1      | Ordine the Troll Fighter began the quest for the Orb.
     0 | D:1      | Reached XP level 1. HP: 22/22 MP: 0/0
   239 | D:1      | Reached XP level 2. HP: 29/29 MP: 1/1
   511 | D:2      | Reached XP level 3. HP: 36/36 MP: 2/2
   598 | D:2      | Reached skill level 3 in Unarmed Combat
   932 | D:2      | Reached XP level 4. HP: 41/44 MP: 3/3
  1222 | D:3      | You fall into a shaft and drop 1 floor!
  1261 | D:4      | HP: 1/45 [orc wizard/magic dart (6)]
  1267 | D:4      | Reached skill level 4 in Unarmed Combat
  1267 | D:4      | Reached XP level 5. HP: 12/53 MP: 4/4
  1355 | D:3      | Found a basalt altar of Yredelemnul.
  1426 | D:3      | Noticed Jessica
  1435 | D:3      | Killed Jessica
  1462 | D:3      | Found a shadowy altar of Dithmenos.
  1682 | D:3      | Found a sparkling altar of Nemelex Xobeh.
  2045 | D:4      | Noticed Robin
  2059 | D:4      | Reached XP level 6. HP: 61/61 MP: 5/5
  2072 | D:4      | Killed Robin
  2141 | D:4      | Reached skill level 5 in Unarmed Combat
  2598 | D:5      | Entered Level 5 of the Dungeon
  2603 | D:5      | Reached XP level 7. HP: 65/68 MP: 6/6
  2622 | D:5      | Reached skill level 6 in Unarmed Combat
  2857 | D:5      | Reached skill level 5 in Shields
  2857 | D:5      | Reached XP level 8. HP: 79/79 MP: 7/7
  2879 | D:5      | Reached skill level 7 in Unarmed Combat
  2975 | D:5      | Found a shimmering blue altar of Sif Muna.
  3360 | D:5      | Found a hazy altar of Hepliaklqana.
  3464 | D:6      | Reached skill level 5 in Fighting
  3625 | D:6      | Reached skill level 8 in Unarmed Combat
  3795 | D:6      | Noticed Blork the orc
  3805 | D:6      | Killed Blork the orc
  3898 | D:6      | Reached XP level 9. HP: 88/88 MP: 8/8
  3930 | D:6      | Found a glowing drain.
  3941 | Sewer    | Entered a sewer
  4326 | D:6      | Reached skill level 9 in Unarmed Combat
  4366 | D:6      | Found Lealyzew's Jewellery Shoppe.
  4508 | D:6      | Found a radiant altar of Vehumet.
  4509 | D:6      | Found a white marble altar of Elyvilon.
  4789 | D:7      | Found a staircase to the Ecumenical Temple.
  4795 | Temple   | Entered the Ecumenical Temple
  4836 | Temple   | Became a worshipper of the Wu Jian Council
  5054 | D:7      | Found a runed translucent gate.
  5054 | D:7      | Found a runed translucent gate.
  5054 | D:7      | Found a runed translucent gate.
  5056 | D:7      | Noticed brittlin's ghost (novice TeAE)
  5071 | D:7      | Found a shimmering altar of Xom.
  5970 | D:7      | Killed brittlin's ghost
  5971 | D:7      | Reached skill level 10 in Unarmed Combat
  5971 | D:7      | Reached XP level 10. HP: 42/98 MP: 9/9
  6039 | D:7      | Identified the +8 spear of Eternal Vigilance {drain,
                  | Stlth+}
  6540 | D:8      | Noticed Gastronok
  6561 | D:8      | Killed from afar by Gastronok

Illustrated notes

Levels and vault maps discovered:
D:1:      erik_arrival_blinker_ship, layout_basic
D:2:      layout_rooms, dreamdust_mushroom_princess, minmay_puff
D:3:      layout_rooms, marbit_many_paths, mainiacjoe_overflow_alcove_4,
          nemelex_dance_club_becter, uniq_jessica
D:4:      layout_loops_ring, uniq_robin
D:5:      minmay_opposing_rooms, layout_loops_ring, kennysheep_little_box,
          mainiacjoe_overflow_paths
D:6:      layout_basic, mainiacjoe_overflow_divided_tiny, portal_sewer_entry_d,
          serial_shops, shop, kennysheep_generic_room_16, uniq_blork_the_orc
D:7:      layout_layer_cave, old_standard_altar, minmay_temple_entry_hall,
          gammafunk_ghost_necromancy
D:8:      layout_basic, zin_treasury, minmay_misc_feat_tiny, uniq_gastronok
Temple:   nicolae_temple_ecumenical_triangle

Skill      XL: |  1  2  3  4  5  6  7  8  9 10 |
---------------+-------------------------------+-----
Shields        | 3 4 5 6 7 |  7.1
Unarmed Combat | 3 4 5 6 8 10 | 10.3
Fighting       | 3 4 5 6 |  6.4
Dodging        | 3 4 |  4.0

Action                   |  1- 3 |  4- 6 |  7- 9 | 10-12 || total
-------------------------+-------+-------+-------+-------++-------
Melee: Unarmed           |    84 |   162 |   421 |    63 ||   730
Invok: Lunge             |       |       |     4 |     2 ||     6
  Use: Potion            |       |     1 |     1 |     1 ||     3
       Scroll            |       |       |     9 |       ||     9
 Stab: Sleeping          |     1 |       |       |       ||     1
Armor: Robe              |    19 |    46 |    96 |     3 ||   164
Dodge: Dodged            |    19 |    77 |   234 |     9 ||   339
Block: Kite shield       |    28 |    54 |   202 |    16 ||   300
